 Dungeon Crawl Stone Soup version 0.26-a0-249-g7253cd193c (webtiles) character file.

Game seed: 1674145050389048747

67 Esekla the Grave Robber (level 4, -6/32 HPs)
             Began as a Formicid Necromancer on July 8, 2020.
             Mangled by a gnoll
             ... wielding a +0 flail
              (8 damage)
             ... on level 3 of the Dungeon.
             The game lasted 00:16:55 (2267 turns).

Esekla the Grave Robber (Formicid Necromancer)      Turns: 2267, Time: 00:16:55

Health: -6/32      AC:  3    Str: 13    XL:     4   Next: 40%
Magic:  0/8        EV: 12    Int: 15    God:
Gold:   160        SH:  0    Dex: 11    Spells: 5/9 levels left

rFire    + . .     SeeInvis +   d - +0 long sword
rCold    . . .     Faith    .   (no shield)
rNeg     . . .     Spirit   .   a - +0 robe
rPois    .         Reflect  .   (helmet unavailable)
rElec    .         Harm     .   (no cloak)
rCorr    .                      g - +0 pair of gloves (curse)
MR       .....                  (no boots)
Stlth    ++........             (no amulet)
HPRegen  0.10/turn              o - ring of protection from cold
MPRegen  0.11/turn              p - ring of fire (curse)

@: no status effects
A: permanent stasis, dig shafts and tunnels, four strong arms, antennae 3
a: Dig, Shaft Self


You were on level 3 of the Dungeon.
You were hungry.

You visited 1 branch of the dungeon, and saw 3 of its levels.

You collected 160 gold pieces.

Inventory:

Hand Weapons
 d - a +0 long sword (weapon)
 f - a +0 dagger
Missiles
 k - 4 poisoned darts
 s - 7 javelins (quivered)
Armour
 a - a +0 robe (worn)
 g - a cursed +0 pair of gloves (worn)
 l - a +0 kite shield
Jewellery
 o - a ring of protection from cold (left hand)
 p - a cursed ring of fire (right hand)
 t - an uncursed amulet of guardian spirit
Wands
 h - a wand of flame (20)
Scrolls
 b - 2 scrolls of fog
Potions
 e - a potion of invisibility {unknown}
 i - a potion of lignification {unknown}
 j - a potion of ambrosia
 m - 2 potions of stabbing
 n - a potion of flight {unknown}
 q - 2 potions of cancellation
 r - 2 potions of curing {unknown}
Comestibles
 c - a ration


   Skills:
 * Level 1.2 Fighting
 + Level 0.5(0.8) Short Blades
 * Level 0.6(0.8) Long Blades
 + Level 2.1 Dodging
 + Level 2.6 Stealth
 * Level 3.0 Spellcasting
 + Level 4.3 Necromancy


You had 5 spell levels left.
You knew the following spells:

 Your Spells              Type           Power        Failure   Level
a - Pain                  Necr           ###.         3%          1
d - Vampiric Draining     Necr           ###.......   10%         3

Your spell library contained the following spells:

 Spells                   Type           Power        Failure   Level
 Animate Skeleton         Necr           ###...       3%          1
 Animate Dead             Necr           ###.......   32%         4
 Agony                    Necr           ###.....     67%         5


Dungeon Overview and Level Annotations

Branches:
Dungeon (3/15)

Altars:
Elyvilon


Innate Abilities, Weirdness & Mutations

You cannot be hasted, slowed, berserked, paralysed or teleported.
You can dig through walls and to a lower floor.
Your four strong arms can wield two-handed weapons with a shield.
You have a pair of large antennae on your head. (SInv)


Message History

You kill the gnoll!
The gnoll barely misses you.
You riposte.
You closely miss the gnoll. You barely miss the gnoll.
The gnoll hits you with a +0 flail!
* * * LOW HITPOINT WARNING * * *
Casting: Vampiric Draining (quite dangerous; 10% risk of failure)
Confirm with . or Enter, or press ? or * to list all spells.
The spell is quite dangerous to cast (10% risk of failure)!
Continue anyway?
Aiming: Vampiric Draining (quite dangerous; 10% risk of failure)
Press: ? - help, Shift-Dir - straight line, f - gnoll
Aim: a gnoll, wielding a +0 flail The gnoll is moderately wounded.
You feel life coursing into your body. The gnoll barely misses you.
You closely miss the gnoll.
The gnoll is moderately wounded.
The gnoll hits you with a +0 flail.
* * * LOW HITPOINT WARNING * * *
You hit the gnoll but do no damage.
The gnoll is moderately wounded.
The gnoll hits you with a +0 flail!
You die...

#.#.# #.######.# ##
##.#.#####.######.# ..
#..............##.# #.
##....#####.###>##.# #.
#.............)....#
####.######...##########.####
#..?...).)...## #.#
#.##.#######g# #.# #. #@#
##.## #g #+# ##...## { g.
###.....## ## { #........# {
#.#.....## ###......## { {
........## .##....<# #.#.#.#


You could see a gnoll.

Vanquished Creatures
  An adder (D:2)
  2 gnolls (D:3)
  2 leopard geckos
  An orc (D:3)
  5 bats
  4 giant cockroaches
  4 goblins
  7 hobgoblins
  A quokka (D:2)
  A frilled lizard (D:1)
  2 kobolds
  A leopard gecko skeleton (D:2)
  4 rats
35 creatures vanquished.

Notes
Turn   | Place    | Note
-------+----------+-------------------------------------------
     0 | D:1      | Esekla the Formicid Necromancer began the quest for the
                  | Orb.
     0 | D:1      | Reached XP level 1. HP: 13/13 MP: 3/3
   502 | D:1      | Reached XP level 2. HP: 15/20 MP: 0/5
  1124 | D:2      | Reached XP level 3. HP: 21/25 MP: 6/6
  1129 | D:2      | Learned a level 3 spell: Vampiric Draining
  1213 | D:2      | Found a white marble altar of Elyvilon.
  1576 | D:2      | Reached skill level 1 in Fighting
  2183 | D:3      | Found a faded altar of an unknown god.
  2249 | D:3      | Reached XP level 4. HP: 28/32 MP: 8/8
  2264 | D:3      | HP: 1/32 [gnoll/+0 flail (13)]
  2267 | D:3      | Mangled by a gnoll

Illustrated notes

Levels and vault maps discovered:
D:1:      evilmike_arrival_fibonacci_small, layout_rooms, minivault_19
D:2:      layout_basic, lemuel_doored_altar, serial_forest,
          infiniplex_forest_straight_3, infiniplex_forest_join,
          infiniplex_forest_lined_1, infiniplex_forest_clump_tiny,
          infiniplex_forest_clump_curved, infiniplex_forest_side_room,
          infiniplex_forest_clump_curved, infiniplex_forest_lined_3
D:3:      layout_loops_corners, nicolae_overflow_hidden_temple,
          portal_sewer_entry_b, chequers_ecumenical_altar_island

Skill      XL: |  1  2  3 |
---------------+----------+-----
Fighting       | 1 |  1.2
Dodging        | 2 |  2.1
Spellcasting   | 3 |  3.0
Short Blades   | |  0.5
Long Blades    | |  0.6
Stealth        | |  2.6
Necromancy     | |  4.3

Action                   |  1- 3 |  4- 6 || total
-------------------------+-------+-------++-------
Melee: Unarmed           |     5 |       ||     5
       Dagger            |    69 |       ||    69
       Long sword        |    17 |     8 ||    25
 Cast: Pain              |    28 |       ||    28
       Vampiric Draining |     5 |     3 ||     8
 Abil: Dig               |     1 |       ||     1
  Use: Scroll            |     4 |       ||     4
       Potion            |     1 |       ||     1
 Stab: Sleeping          |     3 |       ||     3
  Eat: Ration            |     1 |       ||     1
Armor: Robe              |    24 |       ||    24
Dodge: Dodged            |   101 |     9 ||   110
       Rpst.: Long sword |     3 |     1 ||     4

Table legend:
 A = Non-vault XP
 B = Vault XP
 C = Vault XP percentage of total XP
 D = Non-vault monster count
 E = Vault monster count
 F = Vault count percentage of total count
                 A         B        C        D         E       F
            +---------+---------+-------+---------+---------+-------
      Total |      97 |       0 |   0.0 |      35 |       0 |   0.0
            +---------+---------+-------+---------+---------+-------
        D:1 |      24 |       0 |   0.0 |      15 |       0 |   0.0
        D:2 |      31 |       0 |   0.0 |      11 |       0 |   0.0
        D:3 |      42 |       0 |   0.0 |       9 |       0 |   0.0
            +---------+---------+-------+---------+---------+-------
